General information
- name: BNet
- type: Ladder team game (AT/RT)
- host: Battle.net
- saver: black.jack.grov
map: TwilightRuins
- players: 8
- length: 33:39
- speed: Fast
- version: 1.27 W3XP
- replay type: Public
» download(161 KB)
Players
team 1 (loser)
pichicacaculo (
blue | 50 APM | 1679 actions | 33:19)
3 Blademaster
1 Wind Walk
2 Critical Strike
» actions
| Assign group hotkey | 18 | |
| Basic commands | 199 | |
| Build / train | 47 | |
| Enter build submenu | 12 | |
| Enter hero's abilities submenu | 3 | |
| Right click | 478 | |
| Select / deselect | 618 | |
| Select group hotkey | 257 | |
| Use ability | 47 | |
1679 total
» units
» upgrades
| Pillage | 1 | |
| Melee Weapons | 3 | |
| Ensnare | 1 | |
| Armor | 2 | |
7 total
» buildings
| Orc Burrow | 6 | |
| Altar of Storms | 1 | |
| Stronghold | 1 | |
| Voodoo Lounge | 1 | |
| War Mill | 1 | |
| Beastiary | 2 | |
| Fortress | 1 | |
| Great Hall | 1 | |
14 total
» build order
00:51 Orc Burrow
01:05 Altar of Storms
02:12 Stronghold
02:17 Orc Burrow
02:27 Voodoo Lounge
02:44 War Mill
03:56 Orc Burrow
04:34 Beastiary
04:37 Beastiary
05:18 Orc Burrow
06:21 Orc Burrow
11:05 Fortress
11:46 Orc Burrow
18:52 Great Hall
» items
| Lesser Clarity Potion | 3 | |
| Healing Salve | 3 | |
| Boots of Speed | 1 | |
| Scroll of Town Portal | 2 | |
| Orb of Lightning | 1 | |
10 total
Cicatriz (
teal | 70 APM | 1301 actions | 18:33)
5 Priestess of the Moon
2 Searing Arrows
3 Trueshot Aura
3 Naga Sea Witch
2 Frost Arrows
1 Forked Lightning
» actions
| Assign group hotkey | 15 | |
| Build / train | 66 | |
| Enter build submenu | 21 | |
| Enter hero's abilities submenu | 8 | |
| Give item / drop item | 2 | |
| Right click | 402 | |
| Select / deselect | 272 | |
| Select group hotkey | 472 | |
| Use ability | 43 | |
1301 total
» units
| Wisp | 27 | |
| Huntress | 7 | |
| Dryad | 7 | |
| Druid of the Claw | 3 | |
44 total
» upgrades
| Moon Armor | 1 | |
| Strength of the Wild | 2 | |
| Reinforced Hides | 2 | |
| Abolish Magic | 1 | |
| Druid of the Claw Training | 2 | |
| Mark of the Claw | 1 | |
9 total
» buildings
| Altar of Elders | 1 | |
| Moon Well | 7 | |
| Hunter's Hall | 1 | |
| Ancient of War | 1 | |
| Tree of Ages | 1 | |
| Tree of Life | 1 | |
| Ancient of Lore | 2 | |
| Ancient Protector | 6 | |
| Tree of Eternity | 1 | |
| Ancient of Wonders | 1 | |
22 total
» build order
00:10 Altar of Elders
00:12 Moon Well
01:15 Hunter's Hall
01:32 Ancient of War
01:54 Moon Well
02:48 Moon Well
04:28 Tree of Ages
05:30 Moon Well
07:00 Tree of Life
07:04 Ancient of Lore
07:09 Ancient of Lore
09:17 Moon Well
10:16 Moon Well
10:55 Ancient Protector
11:09 Ancient Protector
11:58 Ancient Protector
12:06 Ancient Protector
12:23 Ancient Protector
13:32 Ancient Protector
13:41 Tree of Eternity
13:55 Ancient of Wonders
15:08 Moon Well
» items
RufusTheOscar (
pink | 44 APM | 885 actions | 20:08)
4 Archmage
2 Summon Water Elemental
1 Brilliance Aura
1 Blizzard
2 Dark Ranger
1 Black Arrow
1 Silence
» actions
| Assign group hotkey | 38 | |
| Basic commands | 4 | |
| Build / train | 67 | |
| Enter build submenu | 29 | |
| Enter hero's abilities submenu | 6 | |
| Give item / drop item | 2 | |
| Right click | 338 | |
| Select / deselect | 188 | |
| Select group hotkey | 170 | |
| Use ability | 43 | |
885 total
» units
| Peasant | 20 | |
| Footman | 5 | |
| Rifleman | 1 | |
| Gryphon Rider | 7 | |
| Knight | 3 | |
| Siege Engine | 3 | |
| Flying Machine | 1 | |
40 total
» upgrades
| Gunpowder | 2 | |
| Swords | 2 | |
| Armor | 1 | |
| Animal War Training | 1 | |
| Masonry | 1 | |
| Plating | 1 | |
8 total
» buildings
| Barracks | 1 | |
| Altar of Kings | 1 | |
| Farm | 11 | |
| Lumber Mill | 1 | |
| Scout Tower | 8 | |
| Arcane Tower | 2 | |
| Guard Tower | 5 | |
| Arcane Vault | 1 | |
| Keep | 1 | |
| Blacksmith | 1 | |
| Town Hall | 1 | |
| Castle | 1 | |
| Gryphon Aviary | 2 | |
| Workshop | 1 | |
37 total
» build order
00:11 Barracks
00:18 Altar of Kings
00:24 Farm
01:14 Farm
01:22 Lumber Mill
02:12 Scout Tower
02:45 Farm
02:48 Arcane Tower
02:54 Scout Tower
03:29 Farm
03:34 Guard Tower
03:39 Arcane Vault
03:47 Keep
03:53 Scout Tower
04:27 Blacksmith
04:31 Guard Tower
06:30 Town Hall
07:00 Castle
07:07 Gryphon Aviary
07:26 Farm
07:30 Farm
09:46 Farm
11:37 Scout Tower
11:43 Farm
12:17 Gryphon Aviary
12:20 Guard Tower
12:22 Scout Tower
13:56 Guard Tower
14:01 Scout Tower
15:05 Scout Tower
15:09 Workshop
16:23 Farm
16:28 Guard Tower
16:31 Farm
16:59 Arcane Tower
17:47 Scout Tower
18:04 Farm
» items
| Scroll of Regeneration | 1 | |
| Scroll of Town Portal | 1 | |
2 total
black.jack.grov (
red | 82 APM | 2756 actions | 33:39)
5 Blademaster
3 Wind Walk
2 Critical Strike
» actions
| Assign group hotkey | 121 | |
| Basic commands | 297 | |
| Build / train | 94 | |
| ESC pressed | 13 | |
| Enter build submenu | 34 | |
| Enter hero's abilities submenu | 6 | |
| Give item / drop item | 8 | |
| Right click | 751 | |
| Select / deselect | 329 | |
| Select group hotkey | 872 | |
| Use ability | 231 | |
2756 total
» units
| Peon | 13 | |
| Grunt | 5 | |
| Goblin Shredder | 3 | |
| Wind Rider | 7 | |
| Goblin Zeppelin | 4 | |
| Goblin Sapper | 4 | |
| Troll Batrider | 3 | |
39 total
» upgrades
| Berserker Strength | 1 | |
| Armor | 3 | |
| Pillage | 1 | |
| Ranged Weapons | 3 | |
| Reinforced Defenses | 1 | |
| Envenomed Spears | 1 | |
| Spiked Barricades | 3 | |
| Liquid Fire | 1 | |
14 total
» buildings
| Orc Burrow | 8 | |
| Altar of Storms | 1 | |
| Barracks | 1 | |
| Voodoo Lounge | 1 | |
| Stronghold | 1 | |
| Great Hall | 1 | |
| War Mill | 1 | |
| Watch Tower | 13 | |
| Fortress | 6 | |
| Beastiary | 4 | |
37 total
» build order
00:10 Orc Burrow
00:50 Altar of Storms
00:53 Barracks
01:24 Orc Burrow
02:21 Voodoo Lounge
02:45 Orc Burrow
03:46 Stronghold
04:17 Great Hall
04:40 War Mill
06:20 Watch Tower
06:21 Watch Tower
06:25 Watch Tower
06:28 Watch Tower
08:00 Fortress
08:00 Fortress
08:00 Fortress
08:01 Fortress
08:48 Beastiary
08:51 Beastiary
09:27 Watch Tower
09:28 Watch Tower
09:29 Watch Tower
09:30 Watch Tower
09:33 Watch Tower
11:35 Watch Tower
11:37 Watch Tower
11:38 Watch Tower
11:43 Watch Tower
12:12 Beastiary
12:16 Beastiary
12:57 Orc Burrow
12:59 Orc Burrow
13:31 Orc Burrow
22:11 Orc Burrow
22:13 Orc Burrow
» items
| Healing Salve | 5 | |
| Gloves of Haste | 1 | |
| Replenishment Potion | 1 | |
| Claws of Attack +9 | 1 | |
| Orb of Lightning | 1 | |
| Scroll of Protection | 1 | |
| Staff of Teleportation | 1 | |
11 total
team 2 (winner)

»
L3lademaster679 (
yellow | 54 APM | 785 actions | 14:31)
3 Mountain King
1 Thunder Clap
2 Storm Bolt
1 Keeper of the Grove
1 Entangling Roots
1 Priestess of the Moon
1 Trueshot Aura
» actions
| Assign group hotkey | 7 | |
| Build / train | 80 | |
| Enter build submenu | 25 | |
| Enter hero's abilities submenu | 5 | |
| Give item / drop item | 1 | |
| Remove unit from queue | 1 | |
| Right click | 286 | |
| Select / deselect | 251 | |
| Select group hotkey | 31 | |
| Use ability | 98 | |
785 total
» units
| Peasant | 20 | |
| Rifleman | 12 | |
| Footman | 3 | |
| Chimaera | 10 | |
| Hippogryph | 13 | |
58 total
» upgrades
| Masonry | 1 | |
| Swords | 1 | |
| Armor | 1 | |
| Corrosive Breath | 1 | |
4 total
» buildings
| Altar of Kings | 1 | |
| Farm | 5 | |
| Blacksmith | 1 | |
| Barracks | 2 | |
| Lumber Mill | 2 | |
| Ancient of War | 1 | |
| Moon Well | 1 | |
| Tree of Eternity | 1 | |
| Ancient of Wind | 2 | |
| Town Hall | 2 | |
| Arcane Vault | 1 | |
| Keep | 1 | |
| Scout Tower | 2 | |
| Guard Tower | 3 | |
| Tree of Life | 1 | |
26 total
» build order
01:26 Altar of Kings
01:40 Farm
01:55 Blacksmith
02:00 Farm
02:03 Farm
02:56 Barracks
03:09 Lumber Mill
03:19 Farm
03:25 Ancient of War
03:28 Moon Well
03:50 Barracks
04:06 Farm
05:06 Tree of Eternity
05:09 Ancient of Wind
05:25 Town Hall
05:48 Arcane Vault
07:19 Keep
07:26 Scout Tower
07:29 Scout Tower
08:47 Guard Tower
08:48 Guard Tower
08:59 Lumber Mill
11:29 Ancient of Wind
11:55 Town Hall
13:44 Tree of Life
» items

»
BLINKANDURDEAD (
purple | 27 APM | 81 actions | 02:57)
» actions
| Build / train | 15 | |
| ESC pressed | 1 | |
| Enter build submenu | 2 | |
| Remove unit from queue | 1 | |
| Right click | 25 | |
| Select / deselect | 33 | |
| Use ability | 4 | |
81 total
» units
» buildings
| Moon Well | 1 | |
| Altar of Elders | 1 | |
| Tree of Ages | 1 | |
3 total
» build order
00:15 Moon Well
00:30 Altar of Elders
02:27 Tree of Ages
ColdShoulder (
green | 49 APM | 1665 actions | 33:39)
6 Blademaster
3 Wind Walk
3 Critical Strike
1 Keeper of the Grove
1 Entangling Roots
» actions
| Assign group hotkey | 48 | |
| Basic commands | 38 | |
| Build / train | 47 | |
| Enter build submenu | 59 | |
| Enter hero's abilities submenu | 8 | |
| Give item / drop item | 6 | |
| Right click | 656 | |
| Select / deselect | 303 | |
| Select group hotkey | 315 | |
| Use ability | 185 | |
1665 total
» units
| Peon | 8 | |
| Grunt | 4 | |
| Goblin Shredder | 1 | |
| Troll Witch Doctor | 2 | |
| Goblin Sapper | 4 | |
19 total
» upgrades
| Reinforced Defenses | 1 | |
| Troll Regeneration | 1 | |
| Envenomed Spears | 1 | |
| Liquid Fire | 1 | |
| Witch Doctor Training | 1 | |
| Shaman Training | 1 | |
| Pillage | 1 | |
7 total
» buildings
| Orc Burrow | 5 | |
| Altar of Storms | 1 | |
| Barracks | 1 | |
| Voodoo Lounge | 1 | |
| Stronghold | 1 | |
| War Mill | 1 | |
| Great Hall | 1 | |
| Watch Tower | 44 | |
| Fortress | 1 | |
| Beastiary | 3 | |
| Spirit Lodge | 2 | |
61 total
» build order
00:13 Orc Burrow
00:53 Altar of Storms
01:06 Orc Burrow
01:08 Barracks
01:40 Voodoo Lounge
03:10 Stronghold
03:58 War Mill
05:05 Great Hall
05:50 Orc Burrow
06:10 Watch Tower
06:11 Watch Tower
06:11 Watch Tower
07:50 Fortress
08:00 Watch Tower
08:13 Watch Tower
08:15 Watch Tower
08:18 Watch Tower
09:33 Beastiary
09:45 Spirit Lodge
09:45 Spirit Lodge
09:47 Orc Burrow
11:38 Watch Tower
11:39 Watch Tower
11:41 Watch Tower
11:46 Watch Tower
11:46 Watch Tower
11:47 Watch Tower
11:47 Watch Tower
11:48 Watch Tower
11:54 Watch Tower
11:59 Watch Tower
12:06 Watch Tower
12:06 Watch Tower
12:07 Watch Tower
12:09 Watch Tower
12:10 Watch Tower
12:13 Watch Tower
12:29 Beastiary
12:36 Beastiary
13:23 Orc Burrow
15:10 Watch Tower
15:11 Watch Tower
15:12 Watch Tower
15:15 Watch Tower
15:16 Watch Tower
15:24 Watch Tower
15:25 Watch Tower
15:25 Watch Tower
15:52 Watch Tower
16:59 Watch Tower
17:02 Watch Tower
17:04 Watch Tower
17:06 Watch Tower
17:10 Watch Tower
17:25 Watch Tower
17:25 Watch Tower
17:25 Watch Tower
17:27 Watch Tower
17:28 Watch Tower
17:28 Watch Tower
18:23 Watch Tower
» items
| Healing Salve | 4 | |
| Orb of Lightning | 1 | |
| Scroll of Town Portal | 2 | |
| Boots of Speed | 2 | |
| Periapt of Vitality | 1 | |
| Potion of Lesser Invulnerability | 1 | |
11 total

»
n_the_beginning (
orange | 25 APM | 265 actions | 10:38)
2 Priestess of the Moon
1 Searing Arrows
1 Trueshot Aura
1 Keeper of the Grove
1 Thorns Aura
» actions
| Build / train | 43 | |
| Enter build submenu | 14 | |
| Enter hero's abilities submenu | 3 | |
| Give item / drop item | 2 | |
| Right click | 80 | |
| Select / deselect | 88 | |
| Use ability | 35 | |
265 total
» units
| Wisp | 14 | |
| Archer | 19 | |
| Goblin Shredder | 1 | |
34 total
» buildings
| Moon Well | 9 | |
| Altar of Elders | 1 | |
| Ancient of War | 4 | |
| Ancient of Wonders | 1 | |
| Tree of Life | 2 | |
| Hunter's Hall | 1 | |
| Tree of Ages | 1 | |
| Chimaera Roost | 3 | |
22 total
» build order
01:01 Moon Well
01:16 Altar of Elders
01:32 Ancient of War
01:49 Moon Well
02:16 Ancient of Wonders
03:02 Moon Well
04:26 Tree of Life
05:21 Tree of Life
05:44 Hunter's Hall
08:49 Tree of Ages
09:05 Chimaera Roost
09:06 Chimaera Roost
09:07 Chimaera Roost
09:10 Moon Well
09:11 Moon Well
09:11 Moon Well
09:12 Moon Well
09:13 Moon Well
09:29 Ancient of War
09:32 Ancient of War
09:35 Ancient of War
09:45 Moon Well
» items
| Boots of Speed | 1 | |
| Scroll of Town Portal | 1 | |
| Potion of Lesser Invulnerability | 1 | |
| Dust of Appearance | 1 | |
4 total
Chat log
(00:20 / Allies) Cicatriz: rush plz
(00:22 / Allies) Cicatriz: hunts here
(00:26 / Allies) black.jack.grov: me no rush
(00:29 / Allies) black.jack.grov: me not that kind of orc!
(00:43 / Allies) RufusTheOscar: we can rush from mide side teal
(00:58 / Allies) pichicacaculo: is to big map for rush fella
(01:05 / Allies) RufusTheOscar: that is true
(01:09 / Allies) black.jack.grov: No rush
(01:11 / Allies) black.jack.grov: me cc
(02:10 / 8) black.jack.grov: says you exited bnet again
(02:23 / Allies) Cicatriz: rush 2x2/
(02:24 / 9) ColdShoulder: shhhiiiieeet
(02:33 / Allies) black.jack.grov: No rush, me not that kind of orc
(04:32 / 9) ColdShoulder: that nigger yellow
(04:57 / 8) black.jack.grov: blue fast tech t2 orc, double bestiary
(05:05 / 8) black.jack.grov: probably mass wyvs
(05:07 / 9) ColdShoulder: wheres his base
(05:11 / 8) black.jack.grov: top inside
(05:18 / 8) black.jack.grov: teal noob elf straight tech lawl bot inside no towers
(05:28 / 8) black.jack.grov: wow pink hu tech my whole team is techers
(05:57 / 9) ColdShoulder: fuck forgot to make burrow
(06:04 / 8) black.jack.grov: I hate when that happens
(06:23 / 9) ColdShoulder: blue mh I bet
(06:25 / Allies) Cicatriz: atck now
(06:31 / 8) black.jack.grov: he mass raiders
(06:46 / Allies) Cicatriz: meet
(06:51 / 9) ColdShoulder: he mhs
(07:10 / 8) black.jack.grov: mass raiders with mh great
(07:15 / Allies) Cicatriz: hit
(07:45 / 9) ColdShoulder: look how he went straight to orange expo and didn't check inbewteen
(07:53 / Allies) Cicatriz: atck pink
(07:53 / 8) black.jack.grov: he's gonna hit and run with mass raiders everywhere
(08:47 / Allies) Cicatriz: out
(10:28 / All) L3lademaster679: tp nigga
(11:23 / 9) ColdShoulder: I'm just gonna tower
(13:43 / 9) ColdShoulder: where u
(13:51 / 8) black.jack.grov: top inside
(13:58 / 8) black.jack.grov: fuck
(14:07 / All) L3lademaster679: boom
(14:16 / 9) ColdShoulder: that's houtside
(14:19 / All) black.jack.grov: boom!
(14:32 / All) pichicacaculo: lol
(14:36 / All) black.jack.grov: retard
(15:05 / 9) ColdShoulder: fuck u had to have that zep there lawl
(15:17 / 8) black.jack.grov: lawl didn't think it'd effect anything
(16:55 / 8) black.jack.grov: I killed blue and he ddn't even notice lol
(16:58 / 8) black.jack.grov: maphacker with no map awareness
(17:35 / All) pichicacaculo: take care elf...red is taker
(17:46 / All) pichicacaculo: out of there
(17:47 / All) black.jack.grov: and you're a maphacker
(18:06 / All) pichicacaculo: nop
(18:07 / All) black.jack.grov: so you have to lose
(18:08 / Allies) Cicatriz: ?
(18:16 / All) black.jack.grov: DEATH ALWAYS TO MAPHACKERS!
(18:17 / All) pichicacaculo: could is a tkare
(18:23 / All) pichicacaculo: he is twering for killl
(18:32 / All) pichicacaculo: for kill us
(18:37 / All) black.jack.grov: what country are you from blue?
(18:44 / All) black.jack.grov: is english your second or perhaps third language?
(19:09 / All) pichicacaculo: pink care with red...is a taker
(19:18 / All) black.jack.grov: lol
(19:19 / All) pichicacaculo: i dont play with hack ....never in my life
(19:36 / All) black.jack.grov: is that why you straight tech to raiders and hit soft bases perfectly
(21:31 / All) pichicacaculo: you like play with hack?
(21:44 / All) black.jack.grov: I don't like spics who play with hacks
(21:49 / All) black.jack.grov: like you
(22:00 / All) pichicacaculo: i never play with hack...nonsense
(22:16 / All) pichicacaculo: that's dont have sense man
(22:20 / All) pichicacaculo: play with hack...
(22:23 / All) black.jack.grov: you don't make very much sense
(22:23 / All) ColdShoulder: LOUIE LOUIE
(22:26 / All) ColdShoulder: WE GOTTA GO NOW
(22:29 / All) ColdShoulder: OH NO NO NO
(22:32 / All) ColdShoulder: I SAID LOUIE LOUIE
(22:34 / All) ColdShoulder: OH BABY
(22:37 / All) ColdShoulder: WE GOTTA GO NOW
(22:45 / All) black.jack.grov: Blue where are you from?
(23:26 / All) pichicacaculo: only noobs play with hack...and they noobs lose his time too hahah
(23:31 / All) black.jack.grov: where are you from blue haha?
(24:40 / All) pichicacaculo: i dont tell you where I am
(24:45 / All) black.jack.grov: why not
(24:49 / All) black.jack.grov: are you afraid of something?
(24:59 / All) pichicacaculo: that dont have sense
(25:07 / All) black.jack.grov: what is your first language?
(25:12 / All) pichicacaculo: well good bye
(25:21 / All) black.jack.grov: blue what is you mother language?
(25:51 / 9) ColdShoulder: where blue bm
(26:04 / All) black.jack.grov: how does it feel to be 850-900 now with maphack?
(26:19 / All) pichicacaculo: i dont make hack...
(26:21 / 9) ColdShoulder: where's blue bm
(26:24 / All) pichicacaculo: never
(26:28 / All) black.jack.grov: no you are too stupid for that, you use hack
(26:32 / 8) black.jack.grov: oh I was using /fm to tell you lol
(26:39 / 8) black.jack.grov: bot left outside base
(26:45 / 8) black.jack.grov: by the mine
(26:45 / All) pichicacaculo: is a play is for fun.....is for strategy....hack dont have nothing about that
(26:51 / 8) black.jack.grov: bot mid
(26:59 / 8) black.jack.grov: on purp
(27:06 / 8) black.jack.grov: THERE
(27:13 / All) black.jack.grov: raped
(27:20 / All) ColdShoulder: OWNED
(27:25 / All) ColdShoulder: YOU GOT FUCKIN REKT KID
(27:27 / All) pichicacaculo: no...that is no rape....that is maphack
(27:35 / All) black.jack.grov: Blue why do you play with hacks and deny it?
(27:50 / All) ColdShoulder: CRY ABOUT IT IN YOUR CHALUPAS YOU FAT BEANER
(28:02 / All) pichicacaculo: i never play with hack....i said you, that no have sense..no strategy no nothing
(28:04 / All) black.jack.grov: further how do you have a record so far below 50% when hacking?
(28:13 / All) black.jack.grov: that is truly an accomplishment
(28:33 / All) pichicacaculo: do y0ou understand that?
(28:38 / All) black.jack.grov: Blue is proof that the average MExican IQ is 88
(28:52 / All) pichicacaculo: do you know strategy? intelligience?
(28:56 / All) black.jack.grov: yes
(29:04 / All) black.jack.grov: I think I showed great strategy in this game
(29:23 / All) pichicacaculo: no you dont know...because you dont win with that
(29:29 / All) black.jack.grov: do you think that straight tech to raiders is a good strat?
(29:32 / All) black.jack.grov: I guess it is with maphack
(29:32 / All) pichicacaculo: lol
(29:37 / All) black.jack.grov: LOL you are way below 50%
(29:41 / All) black.jack.grov: you don't win either
(29:46 / All) pichicacaculo: i dont play with hack man..
(29:50 / All) pichicacaculo: riders is a strategy
(30:03 / All) black.jack.grov: You straight tech with no towers lol
(30:08 / All) black.jack.grov: then hit and run soft bases with maphack
(30:09 / All) pichicacaculo: im a genius 160CI
(30:09 / 9) ColdShoulder: those assholes on my team kept telling me to tp that expo and they died there
(30:21 / All) black.jack.grov: you have an IQ of 160?
(30:25 / 8) black.jack.grov: lawl
(30:27 / All) pichicacaculo: and the 30% is a intuicion
(30:36 / All) pichicacaculo: prediction
(30:42 / All) ColdShoulder: An IQ of 160? ON THE INTERNET? WOW
(30:45 / All) ColdShoulder: Never heard the like
(31:04 / All) ColdShoulder: Stephen Hawking would call you a loser for caring about your IQ
(31:20 / All) black.jack.grov: he said CI
(31:24 / All) black.jack.grov: I don't even know what that is
(31:30 / All) black.jack.grov: computational intelligence? competitive intelligence?
(31:37 / All) black.jack.grov: trying to google it but nothing that comes up makes sense
(31:44 / All) pichicacaculo: maybe because you lose your time find a softwares with hack for games
(31:47 / All) ColdShoulder: HE'S AN AI FROM THE FUTURE!
(31:49 / All) ColdShoulder: COOL
(31:58 / All) black.jack.grov: he's a super spic
(32:12 / All) pichicacaculo: lol
(32:14 / All) black.jack.grov: 160 IQ genius and master of war3 strategy
(32:22 / All) pichicacaculo: yep
(32:23 / All) ColdShoulder: He's a cool cyber bounty hunter from the future
(32:24 / All) black.jack.grov: how old are you blue?
(32:32 / All) pichicacaculo: 14
(32:33 / All) ColdShoulder: a meta human with time traveling capabilities
(32:38 / All) black.jack.grov: lmao
(33:11 / All) black.jack.grov: what do you think about how Trump is going to build a wall?
(33:12 / All) pichicacaculo: i told you....im a genius....
(33:14 / All) pichicacaculo: ahahahah
(33:24 / All) black.jack.grov: lol
(33:25 / All) ColdShoulder: lol
(33:31 / All) black.jack.grov: Blue lose
(33:33 / All) ColdShoulder: The name of Trump sent him running to his safe space